 Dungeon Crawl Stone Soup version 0.30-a0-715-gdb4ae3ece1 (webtiles) character file.

Game seed: 16800829973976811222

665 bande the Chopper (level 7, 0/44 HPs)
             Began as a Gargoyle Fighter on Jan 24, 2023.
             Was an Initiate of Okawaru.
             Slain by Duvessa
             ... wielding a +0 rapier
              (9 damage)
             ... on level 5 of the Dungeon.
             The game lasted 00:08:17 (4109 turns).

bande the Chopper (Gargoyle Fighter)                Turns: 4109, Time: 00:08:18

Health: 0/44       AC: 19    Str: 16    XL:     7   Next: 57%
Magic:  8/8        EV:  9    Int: 12    God:    Okawaru [......]
Gold:   569        SH:  4    Dex: 11    Spells: 6/6 levels left

rFire   . . .      SeeInvis +    a - +1 war axe
rCold   . . .      Faith    .    c - +0 buckler
rNeg    + . .      Spirit   .    p - +0 plate armour {rPois}
rPois   ∞          Reflect  .    (no helmet)
rElec   +          Harm     .    j - +0 cloak
rCorr   .          Rampage  +    e - +0 pair of gloves "Foetach" {Rampage Str-3 Int+3 SInv Stlth+}
Will    .....                    (no boots) Stlth
                                 (no amulet)
HPRegen 0.27/turn                i - +5 ring of evasion
MPRegen 0.11/turn                (no ring)

@: lit by a corona, glowing
A: sickness immunity, AC +4, negative energy resistance 1, electricity
resistance, torment resistance 1, petrification resistance
a: Renounce Religion


You were on level 5 of the Dungeon.
You worshipped Okawaru.
Okawaru was noncommittal.
You visited 1 branch of the dungeon, and saw 5 of its levels.

You collected 1011 gold pieces.
You spent 442 gold pieces at shops.

Inventory:

Hand Weapons
 a - a +1 war axe (weapon)
 n - a +0 flail
Armour
 c - a +0 buckler (worn)
 e - the +0 pair of gloves "Foetach" (worn) {Rampage Str-3 Int+3 SInv Stlth+}
   (You acquired it on level 4 of the Dungeon)

   Str:       It affects your strength (-3).
   Int:       It affects your intelligence (+3).
   SInv:      It lets you see invisible.
   Rampage:   It bestows one free step when moving towards enemies.
   Stlth:     It makes you more stealthy.
 j - a +0 cloak (worn)
 p - a +0 plate armour of poison resistance (worn)
Jewellery
 i - a +5 ring of evasion (left hand)
Scrolls
 h - 3 scrolls of teleportation
 k - 3 scrolls of identify
 m - a scroll of fog
 q - a scroll of torment {unknown}
Potions
 b - a potion of curing {unknown}
 d - 2 potions of might
 f - a potion of cancellation {unknown}
 g - 2 potions of heal wounds
 l - a potion of invisibility
 o - a potion of brilliance {unknown}


   Skills:
 + Level 4.5 Fighting
 + Level 5.5 Axes
 + Level 5.3 Armour
 + Level 4.0 Shields
 * Level 1.6 Invocations


You had 6 spell levels left.
You didn't know any spells.
Your spell library was empty.

Dungeon Overview and Level Annotations

Branches:
Dungeon (5/15)
 Temple: D:4-7

Altars:
Cheibriados
Gozag
Okawaru
Sif Muna

Shops:
D:4 ***[(

Annotations:
D:5 Duvessa


Innate Abilities, Weirdness & Mutations

You are immune to sickness and miasma.
Your stone body is resilient. (AC +4)
You are immune to poison.
You resist negative energy. (rN+)
You are resistant to electric shocks. (rElec)
You are resistant to unholy torment.
You are immune to petrification.


Message History

The puff of flame hits you but does no damage.
You miss Dowan.
Dowan is moderately wounded.
You hit Duvessa but do no damage. Duvessa hits you with a +0 rapier.
Dowan barely misses you.
You hit Dowan.
Dowan is moderately wounded.
You barely miss Duvessa. Duvessa hits you but does no damage.
Dowan hits you but does no damage. Duvessa completely misses you.
You block Dowan's attack.
You slash Dowan!
Dowan is heavily wounded.
You hit Duvessa. Duvessa hits you but does no damage. x2
Dowan hits you with a +0 dagger.
You barely miss Dowan.
Dowan is heavily wounded.
You hit Duvessa. Duvessa hits you but does no damage.
Duvessa zaps a wand.
The puff of flame misses you. You block Dowan's attack.
You slash Dowan!
You kill Dowan!
Okawaru accepts your kill.
Duvessa screams in rage.
Duvessa goes berserk!
You hit Duvessa but do no damage. Duvessa hits you but does no damage.
Duvessa hits you with a +0 rapier.
You hit Duvessa.
Duvessa is heavily wounded.
Duvessa hits you but does no damage. Duvessa hits you with a +0 rapier.
You closely miss Duvessa.
Duvessa is heavily wounded.
Duvessa hits you but does no damage. Duvessa hits you with a +0 rapier!
You are too injured to fight recklessly!
Unknown command.
You closely miss Duvessa.
Duvessa is heavily wounded.
Duvessa hits you with a +0 rapier!
* * * LOW HITPOINT WARNING * * *
You completely miss Duvessa.
Duvessa is heavily wounded.
You block Duvessa's attack. Duvessa hits you with a +0 rapier!
You die...

#.....##.........###...
##.....................
##...##.###...........
#.##.##># #.....###..
#.# #.##.# ###.#.# .#
#.##.# #.#.# # .
..##.#####.#.###.#
####.......).....#
#########@...## #e...#
.......# #.........
#.......#. ###.......
...#### ####


You could see Duvessa (berserk, fast).

Vanquished Creatures
  Sigmund (D:4)
  2 necrophages
  A scorpion (D:4)
  Dowan (D:5)
  A howler monkey (D:4)
  A hound (D:5)
  A jelly (D:4)
  Terence (D:2)
  An orc wizard (D:5)
  5 adders
  An ufetubus (D:2)
  2 worms (D:2)
  5 dart slugs
  5 orcs
  12 ball pythons
  8 endoplasms
  2 giant cockroaches
  8 goblins
  4 hobgoblins
  2 jackals (D:3)
  3 quokkas
  7 bats
  2 frilled lizards
  5 kobolds
  5 rats
86 creatures vanquished.

Notes
Turn   | Place    | Note
-------+----------+-------------------------------------------
     0 | D:1      | bande the Gargoyle Fighter began the quest for the Orb.
     0 | D:1      | Reached XP level 1. HP: 14/14 MP: 1/1
   193 | D:1      | Reached XP level 2. HP: 19/19 MP: 2/2
   986 | D:2      | Reached XP level 3. HP: 17/24 MP: 3/3
  1159 | D:2      | Noticed Terence
  1169 | D:2      | Killed Terence
  1170 | D:2      | Reached XP level 4. HP: 15/29 MP: 4/4
  2224 | D:3      | Reached XP level 5. HP: 33/33 MP: 5/5
  2595 | D:4      | Identified 2 scrolls of acquirement
  2595 | D:4      | Acquired the +0 pair of gloves "Foetach" {Rampage Str-3
                  | Int+3 SInv Stlth+}
  2605 | D:4      | Acquired 757 gold pieces
  2609 | D:4      | Noticed Sigmund
  2638 | D:4      | Killed Sigmund
  2639 | D:4      | Reached XP level 6. HP: 6/38 MP: 6/6
  3318 | D:4      | Found Nealotaq's Assorted Antiques.
  3322 | D:4      | Found a snail-covered altar of Cheibriados.
  3322 | D:4      | Found Pehaka's Assorted Antiques.
  3322 | D:4      | Found Aduclo's Assorted Antiques.
  3322 | D:4      | Found an opulent altar of Gozag.
  3322 | D:4      | Found an iron altar of Okawaru.
  3324 | D:4      | Found a shimmering blue altar of Sif Muna.
  3359 | D:4      | Became a worshipper of Warmaster Okawaru
  3398 | D:4      | Found Isseril's Weapon Boutique.
  3556 | D:4      | Reached skill level 5 in Axes
  3556 | D:4      | Reached skill level 5 in Armour
  3556 | D:4      | Reached XP level 7. HP: 44/44 MP: 7/7
  3826 | D:4      | Found Yscheap's Antique Armour Boutique.
  3829 | D:4      | Bought a runed plate armour for 442 gold pieces
  3899 | D:5      | Entered Level 5 of the Dungeon
  3911 | D:5      | Reached skill level 1 in Invocations
  4094 | D:5      | Noticed Duvessa
  4094 | D:5      | Noticed Dowan
  4105 | D:5      | Killed Dowan
  4109 | D:5      | Slain by Duvessa

Illustrated notes

Levels and vault maps discovered:
D:1:      dpeg_arrival_rhombus, layout_basic
D:2:      minmay_diamond_boxcup, layout_basic, uniq_terence
D:3:      layout_loops_ring
D:4:      layout_basic, chequers_temple_overflow_statue_of_worship,
          serial_shops, shop, shop, nicolae_shop_stone, shop,
          kennysheep_mini_moat, uniq_sigmund
D:5:      layout_loops_corners, uniq_duvessa

Skill      XL: |  1  2  3  4  5  6  7 |
---------------+----------------------+-----
Axes           | 2 3 4 5 |  5.5
Armour         | 4 5 |  5.3
Fighting       | 4 |  4.5
Shields        | 4 |  4.0
Invocations    | 1 |  1.6

Action                     |  1- 3 |  4- 6 |  7- 9 || total
---------------------------+-------+-------+-------++-------
  Melee: War axe           |    91 |   136 |    43 ||   270
    Use: Scroll            |       |     9 |       ||     9
 Armour: Scale mail        |    41 |    61 |       ||   102
         Plate armour      |       |       |    28 ||    28
  Dodge: Dodged            |    46 |    97 |    19 ||   162
  Block: Buckler           |    13 |    26 |     5 ||    44

Table legend: (Time is in decaauts)
 A = Elapsed time spent in this place.
 B = Non-inter-level travel time spent in this place.
 C = Inter-level travel time spent in this place.
 D = Time resting spent in this place.
 E = Time spent auto-exploring this place.
 F = Levels seen in this place.
 G = Mean time per level.
                   A        B        C        D        E       F      G
               +--------+--------+--------+--------+--------+-----+--------+
         Total |   4207 |   4104 |    103 |    454 |   2888 |   5 |  841.4 |
       Dungeon |   4207 |   4104 |    103 |    454 |   2888 |   5 |  841.4 |
               +--------+--------+--------+--------+--------+-----+--------+

Top non-repeatable levels by time:
     D:4: 1375 daAuts
     D:1: 996 daAuts
     D:2: 922 daAuts
     D:3: 693 daAuts
     D:5: 220 daAuts
